AoeStats
← BigJ

Hideout

508569337Analyzed
1v1 RM · 8d ago on Sep 23, 2026· 76m 34s· 2 players
Game mode
Random Map
Map size
Tiny (2 player)
Population
200
Speed
Normal
Resources
Standard
Victory
Conquest
Starting age
Dark Age
Ending age
Imperial Age
RankedLock teamsTeams togetherTeam positionsShared explorationLock speedFull tech treeHidden civsTurbo modeCheats
Victory
Defeat
🇺🇸 Franks · United States
642
+15
🇺🇾 Khmer · Uruguay
611
-15
URUGUAYO 90
9:16 Feudal Age
7:32 Loom
13:50 Double-Bit Axe
13:49 Horse Collar
19:09 Bloodlines
27:23 Castle Age
25:09 Town Watch
26:00 Wheelbarrow
27:42 Wheelbarrow
27:39 Stone Mining
27:39 Gold Mining
28:56 Husbandry
29:20 Heavy Plow
35:13 Pikeman
41:25 Bow Saw
44:56 Stone Shaft Mining
44:56 Gold Shaft Mining
71:47 Imperial Age
BigJ
9:28 Feudal Age
10:29 Feudal Age
8:45 Loom
13:06 Double-Bit Axe
18:36 Castle Age
30:08 Scale Barding Armor
30:16 Forging
43:00 Imperial Age
43:56 Wheelbarrow
45:07 Cavalier
49:07 Capped Ram
60:23 Paladin
66:53 Conscription
71:51 Light Cavalry
72:33 Husbandry
74:03 Spies/Treason
Connection lost

Rejoining the realm…

Still unreachable

The connection could not be restored.

Session expired

The server has moved on; the page needs a fresh start.